Map: Triton LE

Players

Ratl

  • Race: Protoss Protoss
  • Spawn Location: 5:00

VOD

Have the link to the VOD?

Description

Time

  • Played on: Oct. 30, 2019, 4:44 p.m.
  • Length: 20:16
Show
View Real Time Build Order
Export as new Build Order

Ratl Protoss 

Build Orders:  

Get SALT Encoding   

  12  0:07  Probe (Chrono Boost)  
  13  0:25  Pylon  
  13  0:29  Probe (Chrono Boost)  
  14  0:46  Probe (Chrono Boost)  
  15  0:58  Gateway  
  15  1:11  Assimilator  
  15  1:12  Probe (Chrono Boost)  
  16  1:24  Probe (Chrono Boost)  
  17  1:37  Probe (Chrono Boost)  
  18  1:59  Probe (Chrono Boost)  
  19  2:06  Assimilator  
  19  2:16  Probe (Chrono Boost)  
  19  2:17  Pylon  
  19  2:18  Pylon  
  20  2:22  Pylon  
  20  3:05  Forge  
  20  3:09  Cybernetics Core  
  20  3:14  Pylon  
  20  3:22  Pylon  
  20  3:31  Gateway  
  20  3:35  Pylon  
  20  4:19  Photon Cannon  
  20  4:27  Photon Cannon  
  20  4:40  Pylon  
  20  4:43  Gateway  
  20  4:50  Stalker (Chrono Boost)  
  20  4:52  Stalker (Chrono Boost)  
  24  5:27  Warp Gate  
  24  5:30  Stalker (Chrono Boost)  
  24  5:31  Stalker (Chrono Boost)  
  28  6:11  Twilight Council  
  28  6:18  Pylon  
  30  6:33  Stalker (Chrono Boost)  
  26  8:05  Adept  
  19  8:31  Probe (Chrono Boost)  
  20  8:44  Probe (Chrono Boost)  
  21  8:57  Probe (Chrono Boost)  
  26  9:04  Twilight Council  
  26  9:12  Gateway  
  26  9:13  Gateway  
  26  9:21  Photon Cannon  
  26  9:25  Photon Cannon  
  26  9:31  Photon Cannon  
  26  9:32  Unknown x2  
  26  9:37  Photon Cannon  
  28  9:40  Photon Cannon  
  28  9:47  Probe (Chrono Boost), Photon Cannon  
  29  10:06  Unknown  
  29  10:26  Stalker (Chrono Boost)  
  29  10:27  Protoss Ground Weapons Level 1 (Chrono Boost), Stalker (Chrono Boost)  
  33  10:44  Adept  
  35  11:07  Zealot (Chrono Boost)  
  39  11:32  Unknown  
  39  11:33  Zealot (Chrono Boost)  
  39  11:34  Nexus  
  41  11:40  Assimilator  
  41  11:41  Assimilator  
  41  11:42  Zealot (Chrono Boost)  
  43  12:08  Zealot  
  45  12:18  Zealot  
  45  12:19  Pylon  
  47  12:23  Pylon  
  47  12:26  Pylon  
  47  12:32  Pylon  
  47  12:46  Zealot  
  49  12:56  Zealot  
  51  13:27  Protoss Ground Armor Level 1 (Chrono Boost)  
  47  13:43  Pylon  
  26  14:01  Zealot  
  26  14:07  Zealot  
  30  14:19  Probe (Chrono Boost)  
  31  14:31  Probe (Chrono Boost), Zealot  
  31  14:37  Adept  
  36  14:45  Probe (Chrono Boost), Zealot  
  39  15:04  Photon Cannon  
  39  15:09  Photon Cannon, Zealot  
  41  15:18  Zealot  
  41  15:20  Photon Cannon  
  41  15:23  Probe (Chrono Boost)  
  44  15:35  Probe (Chrono Boost)  
  45  15:47  Zealot  
  49  16:08  Protoss Shields Level 1 (Chrono Boost)  
  49  16:20  Dark Shrine  
  51  16:37  Unknown  
  53  17:00  Probe (Chrono Boost)  
  53  17:07  Unknown  
  56  17:13  Probe (Chrono Boost)  
  56  17:19  Unknown  
  59  17:26  Probe (Chrono Boost)  
  60  17:43  Probe (Chrono Boost)  
  60  17:48  Stalker  
  60  17:49  Unknown, Stalker x2  
  67  17:59  Charge  
  68  18:00  Probe (Chrono Boost), Unknown  
  68  18:17  Robotics Facility  
  68  18:22  Robotics Facility  
  68  18:26  Pylon  
  68  18:27  Pylon  
  68  18:30  Stalker  
  68  18:34  Stalker  
  68  18:35  Stalker  
  74  18:41  Dark Templar  
  76  18:50  Probe (Chrono Boost)  
  77  19:02  Probe (Chrono Boost)  
  78  19:15  Probe (Chrono Boost)  
  76  19:32  Probe (Chrono Boost)  
Tags
 
Matchup
Co-op
Add a new tag
Caveats
  • Supply blocks, unpowered buildings, or Contaminate may cause inaccurate times.
  • Supply counts are checked every 10 seconds.